 Dungeon Crawl Stone Soup version 0.28-a0-1638-g9123634e07 (webtiles) character file.

Game seed: 15094305789101430837

67 vineage the Skirmisher (level 4, 0/29 HPs)
             Began as a Gargoyle Fighter on Jan 25, 2022.
             Slain by an ice beast (9 damage)
             ... on level 3 of the Dungeon.
             The game lasted 00:01:44 (2055 turns).

vineage the Skirmisher (Gargoyle Fighter)           Turns: 2055, Time: 00:01:44

Health: 0/29       AC: 12    Str: 20    XL:     4   Next: 16%
Magic:  4/4        EV:  9    Int:  8    God:
Gold:   154        SH:  4    Dex: 11    Spells: 3/3 levels left

rFire   . . .      SeeInvis .   a - +0 flail
rCold   . . .      Faith    .   c - +0 buckler
rNeg    + . .      Spirit   .   b - +0 scale mail
rPois   ∞          Reflect  .   (no helmet)
rElec   +          Harm     .   (no cloak)
rCorr   .          Rampage  .   (no gloves)
Will    .....                   (no boots)
Stlth   ..........              (no amulet)
HPRegen 0.09/turn               (no ring)
MPRegen 0.09/turn               (no ring)

@: no status effects
A: sickness immunity, AC +3, negative energy resistance 1, electricity
resistance, torment resistance 1, petrification resistance, hooves 1, iridescent
scales 1, wild magic 1, evolution 1
a: no special abilities


You were on level 3 of the Dungeon.
You visited 1 branch of the dungeon, and saw 3 of its levels.

You collected 154 gold pieces.

Inventory:

Hand Weapons
 a - a +0 flail (weapon)
Armour
 b - a +0 scale mail (worn)
 c - a +0 buckler (worn)
Scrolls
 f - a scroll of teleportation
 j - a scroll of noise {unknown}
 k - a scroll of identify
Potions
 d - a potion of might
 e - a potion of flight
 g - a potion of heal wounds
 h - a potion of mutation
 i - a potion of curing {unknown}


   Skills:
 * Level 4.3 Fighting
 + Level 2.5 Maces & Flails
 + Level 3.8 Armour
 + Level 3.7 Shields


You had 3 spell levels left.
You didn't know any spells.
Your spell library was empty.

Dungeon Overview and Level Annotations

Branches:
Dungeon (3/15)

Altars:
Makhleb


Innate Abilities, Weirdness & Mutations

You are immune to sickness and miasma.
Your stone body is resilient. (AC +3)
You are immune to poison.
You resist negative energy. (rN+)
You are resistant to electric shocks. (rElec)
You are resistant to unholy torment.
You are immune to petrification.
You have large cloven feet.
You are partially covered in iridescent scales. (AC +2)
Your spells are a little harder to cast, but a little more powerful.
You have hidden genetic potential.


Message History

You now have 154 gold pieces (gained 13).
You open the door.
An endoplasm comes into view.
An endoplasm is nearby!
The endoplasm hits you but does no damage.
You barely miss the endoplasm. The endoplasm freezes you.
You are frozen.
The endoplasm hits you.
You sock the endoplasm!
You kill the endoplasm!
No target in view!
No target in view!
No target in view!
No target in view!
No target in view!
No target in view!
No target in view!
HP restored.
There is an open door here.
k - a scroll of identify An ice beast comes into view.
An ice beast is nearby!
Found 16 gold pieces.
The ice beast hits you but does no damage.
You closely miss the ice beast.
You kick the ice beast, but do no damage.
The ice beast hits you but does no damage. x2
You barely miss the ice beast. The ice beast hits you.
The ice beast freezes you!
You hit the ice beast but do no damage. You kick the ice beast.
The ice beast is lightly wounded.
The ice beast hits you but does no damage.
You hit the ice beast. Your kick misses the ice beast.
The ice beast is moderately wounded.
You block the ice beast's attack. The ice beast hits you.
The ice beast freezes you.
You closely miss the ice beast. Your kick misses the ice beast.
The ice beast is moderately wounded.
The ice beast hits you. The ice beast freezes you!
You die...

...#...#.#..........###....
.................).........
####.#......####+##.#######
#......#.....#.#
#......#$....+..
#......#.....#.#.
#......#.....#.#.#
#.######.....#.# #
#....@Y.!....#.#
#######.##..##.# #.# # #.#
... #.. ####


You could see an ice beast.

Vanquished Creatures
  2 adders (D:2)
  A worm (D:2)
  3 dart slugs (D:1)
  3 ball pythons (D:1)
  3 endoplasms
  A giant cockroach (D:2)
  6 goblins
  4 hobgoblins
  3 quokkas
  2 bats
  7 frilled lizards
  4 kobolds
  2 rats
41 creatures vanquished.

Vanquished Creatures (others)
  2 fungi (D:1)
2 creatures vanquished.

Grand Total: 43 creatures vanquished

Notes
Turn   | Place    | Note
-------+----------+-------------------------------------------
     0 | D:1      | vineage the Gargoyle Fighter began the quest for the Orb.
     0 | D:1      | Reached XP level 1. HP: 14/14 MP: 1/1
   336 | D:1      | Reached XP level 2. HP: 19/19 MP: 2/2
   746 | D:1      | Reached XP level 3. HP: 17/24 MP: 3/3
  1223 | D:1      | Found a faded altar of an unknown god.
  1228 | D:1      | Gained mutation: You have hidden genetic potential. [potion
                  | of mutation]
  1228 | D:1      | Gained mutation: You have large cloven feet. [potion of
                  | mutation]
  1228 | D:1      | Gained mutation: You are partially covered in iridescent
                  | scales. (AC +2) [potion of mutation]
  1441 | D:2      | Reached skill level 4 in Fighting
  1567 | D:2      | Reached XP level 4. HP: 22/29 MP: 4/4
  1655 | D:2      | Found a burning altar of Makhleb.
  1692 | D:2      | Gained mutation: Your spells are a little harder to cast,
                  | but a little more powerful. [hidden potential]
  2045 | D:3      | Noticed an ice beast
  2055 | D:3      | Slain by an ice beast

Illustrated notes

Levels and vault maps discovered:
D:1:      minmay_arrival_split_and_join, layout_basic,
          shapermc_ecumenical_altar_mp_urbaneastern
D:2:      layout_basic, basic_altar, lemuel_old_faithful
D:3:      layout_basic, uniq_grinder

Skill      XL: |  1  2  3 |
---------------+----------+-----
Fighting       | 4 |  4.3
Maces & Flails | |  2.5
Armour         | |  3.8
Shields        | |  3.7

Action                   |  1- 3 |  4- 6 || total
-------------------------+-------+-------++-------
Melee: Flail             |    94 |    31 ||   125
       Kick              |     6 |     4 ||    10
  Use: Scroll            |     4 |     2 ||     6
       Potion            |     1 |       ||     1
Armor: Scale mail        |    53 |    19 ||    72
Dodge: Dodged            |    44 |    13 ||    57
Block: Buckler           |    20 |     3 ||    23

Table legend: (Time is in decaauts)
 A = Elapsed time spent in this place.
 B = Non-inter-level travel time spent in this place.
 C = Inter-level travel time spent in this place.
 D = Time resting spent in this place.
 E = Time spent auto-exploring this place.
 F = Levels seen in this place.
 G = Mean time per level.
                   A        B        C        D        E       F      G
               +--------+--------+--------+--------+--------+-----+--------+
         Total |   2095 |   2042 |     53 |      0 |   1723 |   3 |  698.3 |
       Dungeon |   2095 |   2042 |     53 |      0 |   1723 |   3 |  698.3 |
               +--------+--------+--------+--------+--------+-----+--------+

Top non-repeatable levels by time:
     D:1: 1296 daAuts
     D:2: 574 daAuts
     D:3: 224 daAuts
